 Dungeon Crawl Stone Soup version 0.26.1-2-gb8aa6d0cf2 (webtiles) character file.

Game seed: 10201968759280753033

2886 Gadfly the Skirmisher (level 9, -1/89 HPs)
             Began as an Ogre Monk on Feb 12, 2021.
             Was an Elder of Okawaru.
             Slain by a killer bee (6 damage)
             ... on level 6 of the Dungeon.
             The game lasted 00:14:32 (10231 turns).

Gadfly the Skirmisher (Ogre Monk)                  Turns: 10231, Time: 00:14:33

Health: -1/89      AC:  5    Str: 26    XL:     9   Next: 77%
Magic:  13/13      EV: 10    Int: 11    God:    Okawaru [****..]
Gold:   387        SH:  0    Dex: 11    Spells: 8/8 levels left

rFire    . . .     SeeInvis .   b - +5 quarterstaff (chaos)
rCold    . . .     Faith    +   (shield currently unavailable)
rNeg     . . .     Spirit   .   r - +0 robe
rPois    .         Reflect  .   (helmet restricted)
rElec    .         Harm     .   i - +1 cloak {rCorr}
rCorr    +         Rampage  .   (gloves unavailable)
Will     .....                  (boots unavailable)
Stlth    +.........             p - amulet of faith
HPRegen  0.24/turn              c - +6 ring of strength
MPRegen  0.13/turn              (no ring)

@: confused, lethally poisoned (-1 -> -17)
A: large, unfitting armour, tough skin 1
a: Renounce Religion, Heroism


You were on level 6 of the Dungeon.
You worshipped Okawaru.
Okawaru was greatly pleased with you.
You visited 2 branches of the dungeon, and saw 7 of its levels.

You collected 387 gold pieces.

Inventory:

Hand Weapons
 a - a +0 flail
 b - a +5 quarterstaff of chaos (weapon)
 n - a +0 morningstar
 o - a +2 whip of flaming
Missiles
 k - 268 stones (quivered)
 m - 3 javelins
Armour
 i - a +1 cloak of preservation (worn)
 r - a +0 robe (worn)
Jewellery
 c - a +6 ring of strength (left hand)
 p - an amulet of faith (around neck)
Wands
 d - a wand of digging (5)
 h - a wand of flame (16)
Scrolls
 g - 2 scrolls of teleportation
 q - a scroll of enchant armour
 s - a scroll of identify
 t - a scroll of remove curse
Potions
 e - a potion of cancellation
 f - 2 potions of flight


   Skills:
 + Level 5.8 Fighting
 * Level 5.6 Maces & Flails
 * Level 5.7 Throwing
 * Level 4.8 Armour
 - Level 2.6 Dodging
 - Level 1.4 Stealth
 + Level 5.4 Invocations
 * Level 4.8 Evocations


You had 8 spell levels left.
You didn't know any spells.
Your spell library was empty.

Dungeon Overview and Level Annotations

Branches:
Dungeon (6/15)             Temple (1/1) D:5

Altars:
Cheibriados
Dithmenos
Fedhas
Kikubaaqudgha
Nemelex Xobeh
Okawaru
Sif Muna
Trog
Uskayaw
Vehumet
Wu Jian
Xom
Yredelemnul
Zin
Lugonu

Portals:
Abyss: D:6


Innate Abilities, Weirdness & Mutations

You are too large for most types of armour.
You have tough skin. (AC +1)


Message History

* * * LOW HITPOINT WARNING * * *
The killer bee closely misses you. The white imp closely misses you.
You bump into the stone wall.
* * * LOW HITPOINT WARNING * * *
You feel sick. The killer bee closely misses you.
The killer bee stings you but does no damage.
The white imp hits you but does no damage.
Okay, then.
You sock the white imp!
The white imp is almost dead.
* * * LOW HITPOINT WARNING * * *
You feel sick. The killer bee misses you. The killer bee stings you.
* * * LOW HITPOINT WARNING * * *
The white imp gestures at you. The puff of frost hits you!
* * * LOW HITPOINT WARNING * * *
You bump into the stone wall.
* * * LOW HITPOINT WARNING * * *
You feel sick. The killer bee barely misses you. The killer bee stings you.
You die...

#............$. ..
+.............. ...
#.............. ..
#..............
#..###..#..........#
##.##.#.###.........#
##........##.........#
#.......5#.Z.+######..
#......#@#§#..# #
##......y#y...)#
#.......#..§...#
#..........##..#
####..#.#....##.#.#
........#..#.#.##.#
#######.....#.# #.#
........#....###.#
###########......#


You could see 2 killer bees and a white imp.

Vanquished Creatures
  Pikel (D:5)
  Grinder (D:4)
  6 yaks
  Menkaure (D:3)
  Duvessa (D:4)
  A phantom (D:5)
  A necrophage (D:5)
  2 ogres
  A centaur (D:5)
  A lemure (D:5)
  A bullfrog (D:6)
  A big kobold (D:5)
  Dowan (D:4)
  A howler monkey (D:4)
  2 orc wizards (D:4)
  A centaur skeleton (D:4)
  An orc priest (D:4)
  2 hounds
  Crazy Yiuf (D:2)
  A worker ant (D:4)
  A worker ant zombie (D:5)
  4 gnolls
  6 adders
  A shadow imp (D:5)
  A white imp (D:5)
  An ufetubus (D:5)
  2 oozes
  3 adder skeletons
  6 worms
  5 dart slugs
  3 leopard geckos
  14 orcs
  3 ball pythons
  9 bats
  3 giant cockroaches
  10 goblins
  11 hobgoblins
  A quokka (D:3)
  A ball python skeleton (D:4)
  7 frilled lizards
  17 kobolds
  A quokka skeleton (D:5)
  10 rats
148 creatures vanquished.

Vanquished Creatures (others)
  3 fungi (D:2)
3 creatures vanquished.

Grand Total: 151 creatures vanquished

Notes
Turn   | Place    | Note
-------+----------+-------------------------------------------
     0 | D:1      | Gadfly the Ogre Monk began the quest for the Orb.
     0 | D:1      | Reached XP level 1. HP: 24/24 MP: 1/1
   125 | D:1      | Reached XP level 2. HP: 17/32 MP: 2/2
   509 | D:1      | You fall into a shaft and drop 1 floor!
   569 | D:1      | Reached skill level 1 in Invocations
   896 | D:1      | Reached skill level 1 in Throwing
   896 | D:1      | Reached XP level 3. HP: 33/39 MP: 3/3
  1412 | D:1      | Reached skill level 1 in Armour
  1591 | D:1      | Reached skill level 1 in Evocations
  2119 | D:2      | Reached XP level 4. HP: 44/48 MP: 5/5
  3050 | D:2      | Found a shadowy altar of Dithmenos.
  3233 | D:2      | Found a runed translucent door.
  3234 | D:2      | Noticed Crazy Yiuf
  3557 | D:2      | Killed Crazy Yiuf
  3558 | D:2      | Reached XP level 5. HP: 11/54 MP: 6/6
  4017 | D:3      | Found a snail-covered altar of Cheibriados.
  4031 | D:3      | Found a hide-covered altar of Uskayaw.
  5128 | D:4      | Noticed Duvessa
  5128 | D:4      | Noticed Dowan
  5439 | D:4      | Noticed Grinder
  5440 | D:4      | Noticed Menkaure
  5452 | D:3      | Killed Menkaure
  5453 | D:3      | Reached XP level 6. HP: 27/62 MP: 8/8
  5642 | D:4      | Killed Grinder
  5643 | D:4      | Reached XP level 7. HP: 38/70 MP: 9/9
  5832 | D:4      | Found a shimmering altar of Xom.
  5832 | D:4      | Found a glowing silver altar of Zin.
  5832 | D:4      | Noticed an angel
  6577 | D:4      | Reached XP level 8. HP: 24/78 MP: 11/11
  6921 | D:4      | Killed Duvessa
  7079 | D:4      | Killed Dowan
  7323 | D:4      | Noticed a moth of wrath
  7326 | D:4      | Found a bloodstained altar of Trog.
  7660 | D:5      | Entered Level 5 of the Dungeon
  8092 | D:5      | Found a staircase to the Ecumenical Temple.
  8132 | Temple   | Entered the Ecumenical Temple
  8247 | Temple   | Became a worshipper of Warmaster Okawaru
  8247 | Temple   | Reached * piety under Okawaru
  8247 | Temple   | Reached ** piety under Okawaru
  9031 | D:5      | Noticed Pikel
  9051 | D:5      | Killed Pikel
  9051 | D:5      | Reached *** piety under Okawaru
  9052 | D:5      | Reached skill level 5 in Fighting
  9052 | D:5      | Reached skill level 5 in Maces & Flails
  9052 | D:5      | Reached skill level 5 in Throwing
  9052 | D:5      | Reached skill level 5 in Invocations
  9052 | D:5      | Reached XP level 9. HP: 43/88 MP: 12/12
  9611 | D:5      | Reached **** piety under Okawaru
 10168 | D:6      | Found a corrupted altar of Lugonu.
 10170 | D:6      | Found a one-way gate to the infinite horrors of the Abyss.
 10230 | D:6      | HP: 1/89 [white imp/puff of frost (11)]
 10231 | D:6      | Slain by a killer bee

Illustrated notes

Levels and vault maps discovered:
D:1:      wander_arrival_peaceful_grave, layout_basic, minmay_tall_x
D:2:      kennysheep_big_flooded_room, layout_loops_corners,
          nicolae_dithmenos_through_a_glass_darkly, uniq_crazy_yiuf_cottage
D:3:      layout_basic, kennysheep_slug_shrine, eat_drink_and_be_merry_uskayaw,
          minmay_goblin_outpost
D:4:      layout_basic, grunt_temple_overflow_order_and_chaos_1, tgw_trog,
          uniq_duvessa, uniq_menkaure, uniq_grinder
D:5:      layout_rooms, minmay_temple_entry_mini_moons, uniq_pikel
D:6:      layout_basic, marbit_many_paths, lemuel_crystal_altar,
          amcnicky_altar_lugonu_corruption
Temple:   compressed_dpeg_triangle_lava_temple

Skill      XL: |  1  2  3  4  5  6  7  8 |
---------------+-------------------------+-----
Invocations    | 1 2 3 4 5 |  5.4
Throwing       | 1 2 3 5 |  5.7
Armour         | 1 2 3 4 |  4.8
Evocations     | 1 2 3 4 |  4.8
Maces & Flails | 3 5 |  5.6
Fighting       | 5 |  5.8
Dodging        | |  2.6
Stealth        | |  1.4

Action                   |  1- 3 |  4- 6 |  7- 9 || total
-------------------------+-------+-------+-------++-------
Melee: Mace              |   153 |    71 |       ||   224
       Quarterstaff      |       |    92 |   225 ||   317
       Flail             |       |       |     3 ||     3
Throw: Stone             |     2 |     7 |    10 ||    19
Evoke: Wand              |       |     1 |       ||     1
  Use: Scroll            |     6 |     2 |     7 ||    15
       Potion            |       |     5 |     4 ||     9
 Stab: Invisible         |       |     2 |       ||     2
       Sleeping          |       |     1 |     2 ||     3
Armor: Robe              |    71 |    56 |    55 ||   182
Dodge: Dodged            |   125 |   114 |   141 ||   380
